 Dungeon Crawl Stone Soup version 0.23-a0-169-gb21e69520c (webtiles) character file.

119 PikkenKukken the Insei (level 4, -7/36 HPs)
             Began as a Demonspawn Monk on Sept 12, 2018.
             Mangled by a gnoll
             ... wielding a +0 halberd
              (11 damage)
             ... on level 3 of the Dungeon.
             The game lasted 00:03:48 (2643 turns).

PikkenKukken the Insei (Demonspawn Monk)            Turns: 2643, Time: 00:03:48

Health: -7/36      AC: 14    Str: 13    XL:     4   Next: 73%
Magic:  4/4        EV:  4    Int: 11    God:
Gold:   68         SH:  0    Dex: 20    Spells: 3/3 levels left

rFire    . . .     SeeInvis +     - Unarmed
rCold    . . .     Gourm    .   (no shield)
rNeg     . . .     Faith    .   j - +0 plate armour
rPois    .         Spirit   .   (helmet restricted)
rElec    .         Reflect  .   (no cloak)
rCorr    .         Harm     .   (no gloves)
MR       .....                  e - +1 pair of boots
Stlth    ..........             (no amulet)
HPRegen  0.12/turn              h - +5 ring of dexterity
MPRegen  0.09/turn              i - ring of see invisible

@: no status effects
A: horns 1, yellow scales 1
a: no special abilities


You were on level 3 of the Dungeon.
You were not hungry.

You visited 1 branch of the dungeon, and saw 3 of its levels.

You collected 68 gold pieces.

Inventory:

Armour
 e - a +1 pair of boots (worn)
 j - a +0 plate armour (worn)
Jewellery
 h - a +5 ring of dexterity (left hand)
 i - a ring of see invisible (right hand)
Potions
 a - a potion of brilliance {unknown}
 d - a potion of lignification
 f - a potion of curing {unknown}
 g - a potion of might {unknown}
Comestibles
 b - 6 rations
 c - 2 chunks of flesh


   Skills:
 + Level 3.6 Fighting
 + Level 1.6 Armour
 + Level 3.2 Dodging
 - Level 1.7 Stealth
 * Level 3.8 Unarmed Combat


You had 3 spell levels left.
You didn't know any spells.
Your spell library was empty.

Dungeon Overview and Level Annotations

Branches:
Dungeon (3/15)

Altars:
Cheibriados
Fedhas
Gozag
Qazlal
Uskayaw


Innate Abilities, Weirdness & Mutations

You have a pair of small horns on your head.
You are partially covered in yellow scales. (AC +2)


Message History

The gnoll is severely wounded.
The gnoll hits you but does no damage.
The gnoll hits you from afar with a halberd.
* * * LOW HITPOINT WARNING * * *
You hit the gnoll.
You kill the gnoll!
The gnoll hits you but does no damage.
Things that are here:
a whip; a gnoll corpse You hit the gnoll.
The gnoll is moderately wounded.
The gnoll hits you with a halberd.
* * * LOW HITPOINT WARNING * * *
You hit the gnoll.
The gnoll is heavily wounded.
The gnoll hits you but does no damage.
You closely miss the gnoll.
The gnoll is heavily wounded.
The gnoll hits you with a halberd!
You die...

#.# #.##.#
#. # #=#
#.##.######.
#..###.##
#........
#.......#
######...
######..#
#...
#...#####.#
##.#
#.#......#
#.#
#...#####.##
#.#
###..@ggr..#
..#
#########.#
###


You could see 2 gnolls and a rat.

Vanquished Creatures
  2 gnolls (D:3)
  3 adders
  3 worms (D:2)
  3 dart slugs
  5 leopard geckos
  2 orcs (D:3)
  4 giant cockroaches
  5 goblins
  6 hobgoblins
  7 bats
  4 frilled lizards
  4 kobolds
  5 rats
53 creatures vanquished.

Notes
Turn   | Place    | Note
-------+----------+-------------------------------------------
     0 | D:1      | PikkenKukken the Demonspawn Monk began the quest for the
                  | Orb.
     0 | D:1      | Reached XP level 1. HP: 18/18 MP: 1/1
   439 | D:1      | Gained mutation: You are partially covered in yellow
                  | scales. (AC +2) [demonic ancestry]
   439 | D:1      | Reached XP level 2. HP: 19/24 MP: 2/2
  1041 | D:2      | Found a snail-covered altar of Cheibriados.
  1250 | D:2      | Gained mutation: You have a pair of small horns on your
                  | head. [demonic ancestry]
  1250 | D:2      | Reached XP level 3. HP: 15/29 MP: 3/3
  1418 | D:2      | Reached skill level 1 in Armour
  1829 | D:2      | Found an opulent altar of Gozag.
  1919 | D:2      | Reached XP level 4. HP: 35/35 MP: 4/4
  2383 | D:3      | Found a hide-covered altar of Uskayaw.
  2501 | D:3      | Found a blossoming altar of Fedhas.
  2503 | D:3      | Found a stormy altar of Qazlal.
  2643 | D:3      | Mangled by a gnoll

Vault maps used:
D:1:      roderic_lyre
D:2:      overflow_temple_1_default, first_ration,
          nicolae_gozag_cash_rules_everything_around_me
D:3:      grunt_temple_overflow_forces_of_nature,
          nicolae_overflow_hidden_temple, serial_aquarium,
          aquarium_bridge_straight, aquarium_bridge_long_separate,
          aquarium_window_2, aquarium_window_fake, aquarium_window_fake,
          aquarium_view_2b, uniq_grinder

Skill      XL: |  1  2  3 |
---------------+----------+-----
Unarmed Combat | 3 |  3.8
Armour         | 1 |  1.6
Dodging        | 3 |  3.2
Fighting       | |  3.6
Stealth        | |  1.7

Action                   |  1- 3 |  4- 6 || total
-------------------------+-------+-------++-------
Melee: Unarmed           |   157 |    59 ||   216
       Punch             |     2 |     3 ||     5
       Headbutt          |    13 |    11 ||    24
  Use: Scroll            |     4 |     3 ||     7
 Stab: Sleeping          |     7 |     2 ||     9
       Distracted        |     1 |       ||     1
  Eat: Chunk             |     3 |     3 ||     6
Armor: Robe              |    38 |     1 ||    39
       Chain mail        |       |    17 ||    17
       Plate armour      |       |     8 ||     8
       Ring mail         |       |     1 ||     1
       Skin              |       |     1 ||     1
Dodge: Dodged            |    91 |    25 ||   116

Table legend:
 A = Non-vault XP
 B = Vault XP
 C = Vault XP percentage of total XP
 D = Non-vault monster count
 E = Vault monster count
 F = Vault count percentage of total count
                 A         B        C        D         E       F
            +---------+---------+-------+---------+---------+-------
      Total |     170 |       0 |   0.0 |      53 |       0 |   0.0
            +---------+---------+-------+---------+---------+-------
        D:1 |      24 |       0 |   0.0 |      13 |       0 |   0.0
        D:2 |      78 |       0 |   0.0 |      24 |       0 |   0.0
        D:3 |      68 |       0 |   0.0 |      16 |       0 |   0.0
            +---------+---------+-------+---------+---------+-------
